Map: Babylon LE

Players

ИИ 1 (новичок)

  • Race: Terran Terran
  • Spawn Location: 11:00

ЛУКРЕПЧАТЫЙ - Winner!

  • Race: Terran Terran
  • Spawn Location: 5:00

VOD

Have the link to the VOD?

Description

Time

  • Played on: Feb. 17, 2023, 9:04 a.m.
  • Length: 7:16
Show
View Real Time Build Order
Export as new Build Order

ИИ 1 (новичок) Terran 

Build Orders:  

Get SALT Encoding   

  12  0:00  SCV  
  13  0:13  SCV  
  14  0:18  Supply Depot  
  14  0:38  Refinery  
  14  0:44  Barracks  
  14  1:04  Supply Depot  
  14  1:12  Refinery  
  14  1:30  Marine, Orbital Command  
  15  1:56  SCV  
  16  2:04  Marine  
  18  2:08  SCV  
  18  2:20  SCV  
  19  2:32  SCV  
  20  2:38  Marine  
  21  2:44  SCV  
  22  2:57  SCV  
  23  3:58  SCV  
  23  4:40  Marine  
  23  4:43  SCV  
  23  4:44  Supply Depot  
  18  4:55  SCV  
  10  5:07  SCV  
  10  5:08  Marine  
  9  5:19  SCV  
  7  5:31  SCV  
  7  5:37  Marine  
  8  5:43  SCV  
  8  5:55  SCV  
  8  5:56  Factory  
  8  6:06  Marine  
  8  6:08  SCV  
  9  6:20  SCV  
  9  6:32  SCV  
  10  6:37  Marine  
  10  6:42  Starport  
  10  6:44  SCV  
  8  6:56  SCV  
Show
View Real Time Build Order
Export as new Build Order

ЛУКРЕПЧАТЫЙ Terran - Winner!

Build Orders: Gas First Reaper Expand, Liberator Opening 

Get SALT Encoding   

  12  0:00  SCV  
  13  0:12  SCV  
  14  0:18  Supply Depot  
  14  0:24  SCV  
  15  0:28  Refinery  
  15  0:39  SCV  
  16  0:45  Barracks  
  16  0:51  SCV  
  17  1:04  SCV  
  18  1:16  SCV  
  19  1:31  Orbital Command  
  19  1:32  Reaper  
  20  1:46  Command Center  
  20  1:57  Factory  
  20  2:01  SCV  
  21  2:05  Barracks Reactor  
  21  2:09  Refinery  
  21  2:15  Supply Depot  
  21  2:20  SCV  
  22  2:32  SCV  
  23  2:42  Starport  
  23  2:44  SCV  
  24  2:48  Hellion  
  24  2:49  Hellion  
  28  2:56  SCV  
  29  2:59  Orbital Command  
  29  3:08  SCV  
  29  3:10  Hellion  
  32  3:14  Hellion  
  34  3:22  Liberator  
  34  3:23  SCV  
  34  3:27  Barracks Tech Lab  
  38  3:29  SCV  
  41  3:34  Hellion  
  41  3:37  Hellion  
  43  3:42  SCV  
  43  3:43  Supply Depot  
  43  3:45  SCV  
  45  3:54  SCV  
  46  3:56  Supply Depot  
  46  4:05  SCV  
  46  4:07  Siege Tank  
  46  4:09  SCV  
  51  4:15  Viking  
  53  4:17  SCV  
  53  4:18  Viking  
  53  4:19  Supply Depot  
  53  4:21  SCV  
  57  4:26  Refinery  
  57  4:29  SCV, Refinery  
  58  4:33  SCV  
  58  4:36  Supply Depot  
  59  4:39  Factory, Barracks Reactor  
  59  4:42  SCV  
  61  4:45  SCV  
  61  4:46  Siege Tank  
  64  4:54  SCV  
  64  4:58  Viking  
  67  5:01  SCV  
  67  5:06  Viking  
  70  5:07  SCV  
  70  5:10  Supply Depot  
  70  5:12  Supply Depot  
  70  5:13  SCV  
  72  5:18  Siege Tank  
  72  5:20  SCV  
  76  5:25  SCV  
  77  5:31  Supply Depot, Viking  
  77  5:32  Hellion  
  81  5:36  Viking  
  81  5:37  SCV  
  81  5:39  Hellion  
  81  5:41  SCV  
  87  5:47  Armory  
  87  5:52  Supply Depot  
  87  5:53  Supply Depot  
  87  5:55  Siege Tank  
  90  6:00  Hellion  
  90  6:01  Hellion  
  94  6:06  Liberator  
  97  6:15  Liberator, Supply Depot x2  
  100  6:21  Hellion  
  100  6:22  Hellion  
  104  6:28  Siege Tank  
  107  6:42  Command Center  
  107  6:43  Hellion x2  
  111  6:52  SCV  
  111  6:53  SCV  
  125  7:09  Supply Depot  
  125  7:13  Supply Depot  
Tags
 
Add a new tag
Caveats
  • Supply blocks, unpowered buildings, or Contaminate may cause inaccurate times.
  • Supply counts are checked every 10 seconds.